 Dungeon Crawl Stone Soup version 0.18-a0-739-gdae9da8 (webtiles) character file.

7 4thArraOfDagon the Ducker (level 1, -1/8 HPs)
             Began as a Felid Earth Elementalist on Dec 10, 2015.
             Slain by a hound (5 damage)
             ... on level 4 of the Dungeon.
             The game lasted 00:01:16 (160 turns).

4thArraOfDagon the Ducker (Felid Earth Elementalist) Turns: 160, Time: 00:01:16

Health: -1/8       AC:  1    Str:  4    XL:     1   Next: 83%
Magic:  1/4        EV: 18    Int: 16    God:
Gold:   30         SH:  0    Dex: 16    Spells: 1 memorised, 3 levels left
                                        Lives:  0   Deaths: 0

rFire  . . .     SeeInvis +     a - 29 stones
rCold  . . .     Clarity  .     (armour unavailable)
rNeg   . . .     SustAt   .     (shield unavailable)
rPois  .         Gourm    .     (helmet unavailable)
rElec  .         Spirit   .     (cloak unavailable)
rCorr  .         Dismiss  .     (gloves unavailable)
rMut   .         Stasis   .     (boots unavailable)
MR     .....                    (no amulet)
Stlth  +++.......               (no ring)
                                (no ring)

@: quick, not resistant to hostile enchantments, fairly stealthy
A: no armour, no weapons or thrown items, claws 1, fangs 3, see invisible,
carnivore 3, speed 1, shaggy fur 1, slow metabolism 1, sharp paws
a: no special abilities


You were on level 4 of the Dungeon.
You were very full.

You visited 1 branch of the dungeon, and saw 4 of its levels.

You collected 30 gold pieces.

Inventory:

Missiles
 a - 29 stones (in mouth)
Potions
 d - a potion of lignification {unknown}
 e - a potion of heal wounds
Books
 b - a book of Geomancy

   Spells                             Type                      Level
   a - Sandblast                      Earth                        1
   b - Stoneskin                      Transmutation/Earth          2
   c - Passwall                       Transmutation/Earth          3
   d - Stone Arrow                    Conjuration/Earth            3
   e - Petrify                        Transmutation/Earth          4
   f - Lee's Rapid Deconstruction     Earth                        5
Comestibles
 c - 2 meat rations


   Skills:
 + Level 0.6 Fighting
 + Level 2.9 Dodging
 + Level 2.6 Stealth
 * Level 1.0 Unarmed Combat
 - Level 2.0 Spellcasting
   Level 1.1 Transmutations
 - Level 2.6 Earth Magic


You had 3 spell levels left.
You knew the following spells:

 Your Spells              Type           Power        Failure   Level  Hunger
a - Sandblast             Erth           ##....       10%         1    #......


Dungeon Overview and Level Annotations

Branches:
Dungeon (4/15)
 Temple: D:4-7

Altars:


Innate Abilities, Weirdness & Mutations

You cannot wear armour.
You are incapable of wielding weapons or throwing items.
You have sharp claws.
You have razor-sharp teeth.
You have supernaturally acute eyesight.
You are carnivorous and can eat meat at any time.
You cover ground quickly.
You are covered in fur (AC +1).
You have a slow metabolism.
Your sharp claws are effective at attacking unaware monsters.


Message History

Aim: a hound The rocky blast hits the hound.
The hound is lightly wounded.
Casting: Sandblast
Confirm with . or Enter, or press ? or * to list all spells.
Aiming: Sandblast
Press: ? - help, Shift-Dir - straight line, f/p - hound
Aim: a hound (lightly wounded)
The rocky blast misses the hound.
The hound bites you.
Ouch! That really hurt!
Casting: Sandblast
Confirm with . or Enter, or press ? or * to list all spells.
Aiming: Sandblast
Press: ? - help, Shift-Dir - straight line, f/p - hound
Aim: a hound (lightly wounded)
The rocky blast hits the hound.
The hound is almost dead.
The hound bites you.
Ouch! That really hurt!
You die...

#######
###########.....#
#...............######
#...<................#
+..[.......@h........#
#..........#'###......
#.....######...# .....
#.....# ....# ....
+.....# .....# ...
#.....# ......# ##
#.....# ..##.... ...
#..... +.. #......


You could see a hound.

Vanquished Creatures
  A hobgoblin (D:2)
  A kobold (D:3)
  2 bats
  A giant cockroach (D:3)
  A goblin (D:1)
  2 rats
8 creatures vanquished.

Notes
Turn   | Place    | Note
--------------------------------------------------------------
     0 | D:1      | 4thArraOfDagon the Felid Earth Elementalist began the quest for the Orb.
     0 | D:1      | Reached XP level 1. HP: 7/7 MP: 4/4
   108 | D:3      | Reached skill level 1 in Unarmed Combat
   152 | D:4      | Noticed a hound
   160 | D:4      | Slain by a hound

Vault maps used:
D:1:      saegor_arrival_simple_a
D:2:      minmay_misc_feat_alley
D:3:      old_standard_altar, ashenzari_conservatory_becter,
          yredelemnul_forgotten_temple_becter, first_bread, uniq_sigmund,
          uniq_iyjb
D:4:      okawaru_metal_pillars_3, uniq_natasha, uniq_duvessa, uniq_menkaure

Action                   || total
-------------------------++-------
Melee: Unarmed           ||     7
 Cast: Sandblast         ||    10
  Use: Potion            ||     1
 Stab: Sleeping          ||     2
  Eat: Chunk             ||     4
